 Dungeon Crawl Stone Soup version 0.28-a0-1128-gb845255321 (webtiles) character file.

Game seed: 17805493268258563886

102 Gargoyl the Skirmisher (level 4, -1/36 HPs)
             Began as a Gnoll Abyssal Knight on Dec 12, 2021.
             Was a Believer of Lugonu.
             Succumbed to a water moccasin's poison
             ... on level 6 of the Dungeon.
             The game lasted 00:04:35 (3098 turns).

Gargoyl the Skirmisher (Gnoll Abyssal Knight)       Turns: 3098, Time: 00:04:36

Health: -1/36      AC: 10    Str: 14      XL:     4   Next: 78%
Magic:  3/7        EV:  7    Int:  8 (9)  God:    Lugonu [**....]
Gold:   64         SH:  0    Dex: 15      Spells: 5/5 levels left

rFire   . . .      SeeInvis .   a - +1 hand axe (elec)
rCold   . . .      Faith    .   (no shield)
rNeg    . . .      Spirit   +   d - +0 chain mail
rPois   .          Reflect  .   f - +0 helmet
rElec   .          Harm     .   (no cloak)
rCorr   .          Rampage  .   (no gloves)
Will    .....                   (no boots)
Stlth   ..........              c - amulet of guardian spirit
HPRegen 0.12/turn               (no ring)
MPRegen 0.10/turn               (no ring)

@: brilliant, lethally poisoned (-1 -> -13), attractive
A: fangs 2, strong nose, distributed training, agile 1, deterioration 1, frail 1
a: Renounce Religion, Depart the Abyss, Bend Space


You were on level 6 of the Dungeon.
You worshipped Lugonu.
Lugonu was pleased with you.
You visited 1 branch of the dungeon, and saw 6 of its levels.
You visited the Abyss 1 time.

You collected 64 gold pieces.

Inventory:

Hand Weapons
 a - a +1 hand axe of electrocution (weapon)
Armour
 d - a +0 chain mail (worn)
 f - a +0 helmet (worn)
Jewellery
 c - an amulet of guardian spirit (around neck)
Scrolls
 h - a scroll of brand weapon
 i - a scroll of immolation
Potions
 j - a potion of flight


   Skills:
 + Level 6.6 Fighting
 + Level 1.2 Short Blades
 + Level 1.2 Long Blades
 + Level 4.7 Axes
 + Level 1.2 Maces & Flails
 + Level 1.2 Polearms
 + Level 1.2 Staves
 + Level 1.2 Slings
 + Level 1.2 Bows
 + Level 1.2 Crossbows
 + Level 1.2 Throwing
 + Level 4.7 Armour
 + Level 2.8 Dodging
 + Level 1.2 Stealth
 + Level 1.2 Shields
 + Level 1.2 Unarmed Combat
 + Level 1.2 Spellcasting
 + Level 1.0 Conjurations
 + Level 1.0 Hexes
 + Level 1.0 Summonings
 + Level 1.0 Necromancy
 + Level 1.0 Translocations
 + Level 1.0 Transmutations
 + Level 1.0 Fire Magic
 + Level 1.0 Ice Magic
 + Level 1.0 Air Magic
 + Level 1.0 Earth Magic
 + Level 1.0 Poison Magic
 + Level 4.7 Invocations
 + Level 1.2 Evocations


You had 5 spell levels left.
You didn't know any spells.
Your spell library contained the following spells:

 Spells                   Type           Power      Damage    Failure   Level
 Gell's Gravitas          Tloc           3%         N/A       100%        3
 Teleport Other           Tloc           3%         N/A       100%        3
 Dispersal                Tloc           1%         N/A       100%        6


Dungeon Overview and Level Annotations

Branches:
Dungeon (6/15)
 Temple: D:4-7

Altars:
Cheibriados
Uskayaw

Annotations:
D:4 Dowan, Duvessa
D:5 Grinder


Innate Abilities, Weirdness & Mutations

You have extremely sharp teeth.
Your uncanny sense of smell can sniff out nearby items.
Your experience applies equally to all skills.
You are agile. (Dex +2)
Your body sometimes deteriorates upon taking damage.
You are frail. (-10% HP)


Message History

The hound zombie is attracted toward you.
The gnoll is attracted toward you. The iguana is attracted toward you.
Something is attracted toward you. The gnoll is attracted toward you.
Something is attracted toward you. x2
The iguana is attracted toward you. Something is attracted toward you.
The gnoll is attracted toward you. The adder bites you but does no damage.
The iguana is attracted toward you. The iguana is attracted toward you.
Found a stone staircase leading down.
The adder closely misses you. The iguana is attracted toward you.
Something is attracted toward you. The adder barely misses you.
The iguana is attracted toward you.
There is a stone staircase leading down here.
The adder closely misses you. x2
You climb downwards.
Reactivating autopickup.
The water moccasin is attracted toward you.
Found a scroll labelled ZUPNAMM GETAIH.
There is a stone staircase leading up here.
You hit the adder.
The adder is lightly wounded.
The adder bites you.
* * * LOW HITPOINT WARNING * * *
You slash the adder!
The adder is almost dead.
You hit the water moccasin.
The water moccasin is lightly wounded.
The water moccasin bites you.
* * * LOW HITPOINT WARNING * * *
The water moccasin bites you.
* * * LOW HITPOINT WARNING * * *
You are lethally poisoned!
The water moccasin poisons you!
Okay, then.
You hit the adder.
You kill the adder!
Lugonu accepts your kill.
You hit the water moccasin but do no damage.
Lightning courses through the water moccasin!
You die...

# .. ##
######.
.......
.......##
......†.#
......S@#
......#.#
..... ..#
.... ####
... .. .


You could see a water moccasin.

Vanquished Creatures
  Robin (D:2)
  3 adders
  2 worms (D:3)
  4 dart slugs
  2 endoplasms
  4 giant cockroaches
  11 goblins
  7 hobgoblins
  8 ball pythons
  5 bats
  2 frilled lizards
  4 kobolds
  5 rats
58 creatures vanquished.

Notes
Turn   | Place    | Note
-------+----------+-------------------------------------------
     0 | Abyss:1  | Gargoyl the Gnoll Abyssal Knight began the quest for the
                  | Orb.
     0 | Abyss:1  | Reached XP level 1. HP: 23/23 MP: 3/3
    15 | Abyss:2  | Found a corrupted altar of Lugonu.
    26 | Abyss:2  | Noticed a sixfirhy
    32 | D:1      | Escaped the Abyss
    34 | D:1      | Gained mutation: Your body sometimes deteriorates upon
                  | taking damage. [potion of mutation]
    34 | D:1      | Gained mutation: You are frail. (-10% HP) [potion of
                  | mutation]
    34 | D:1      | Gained mutation: You have extremely sharp teeth. [potion of
                  | mutation]
    34 | D:1      | Gained mutation: You are agile. (Dex +2) [potion of
                  | mutation]
   615 | D:1      | Reached XP level 2. HP: 26/26 MP: 5/5
   701 | D:1      | Found a faded altar of an unknown god.
   703 | D:1      | Reached * piety under Lugonu
  1288 | D:1      | Reached XP level 3. HP: 29/31 MP: 6/6
  1596 | D:2      | Noticed Robin
  1620 | D:2      | Killed Robin
  1621 | D:2      | Reached skill level 1 in Short Blades
  1621 | D:2      | Reached skill level 1 in Long Blades
  1621 | D:2      | Reached skill level 1 in Maces & Flails
  1621 | D:2      | Reached skill level 1 in Polearms
  1621 | D:2      | Reached skill level 1 in Staves
  1621 | D:2      | Reached skill level 1 in Slings
  1621 | D:2      | Reached skill level 1 in Bows
  1621 | D:2      | Reached skill level 1 in Crossbows
  1621 | D:2      | Reached skill level 1 in Throwing
  1621 | D:2      | Reached skill level 1 in Stealth
  1621 | D:2      | Reached skill level 1 in Shields
  1621 | D:2      | Reached skill level 1 in Unarmed Combat
  1621 | D:2      | Reached skill level 1 in Spellcasting
  1621 | D:2      | Reached skill level 1 in Evocations
  1621 | D:2      | Reached XP level 4. HP: 5/36 MP: 2/7
  2022 | D:2      | Reached ** piety under Lugonu
  2173 | D:2      | Found a snail-covered altar of Cheibriados.
  2404 | D:3      | Noticed a +0 hand axe
  2404 | D:3      | Noticed a +0 dagger
  2404 | D:3      | Found a hide-covered altar of Uskayaw.
  2484 | D:3      | Found a snail-covered altar of Cheibriados.
  2560 | D:3      | Reached skill level 1 in Conjurations
  2560 | D:3      | Reached skill level 1 in Hexes
  2560 | D:3      | Reached skill level 1 in Summonings
  2560 | D:3      | Reached skill level 1 in Necromancy
  2560 | D:3      | Reached skill level 1 in Translocations
  2560 | D:3      | Reached skill level 1 in Transmutations
  2560 | D:3      | Reached skill level 1 in Fire Magic
  2560 | D:3      | Reached skill level 1 in Ice Magic
  2560 | D:3      | Reached skill level 1 in Air Magic
  2560 | D:3      | Reached skill level 1 in Earth Magic
  2560 | D:3      | Reached skill level 1 in Poison Magic
  3028 | D:4      | Noticed Duvessa
  3029 | D:4      | Noticed Dowan
  3049 | D:5      | Entered Level 5 of the Dungeon
  3050 | D:5      | Noticed Grinder
  3051 | D:5      | Noticed a gnoll sergeant
  3094 | D:6      | Noticed a water moccasin
  3098 | D:6      | Succumbed to a water moccasin's poison

Illustrated notes

Levels and vault maps discovered:
D:1:      minmay_arrival_split_and_join, layout_loops_corners,
          hellmonk_ecumenical_altar_arch_garden, minmay_liquid_box
D:2:      layout_loops_cross, basic_altar, uniq_robin
D:3:      layout_loops_cross, cheibriados_altar_1, dancing_weapons_uskayaw
D:4:      layout_layer_cave, uniq_duvessa, uniq_pikel
D:5:      layout_loops_ring, minmay_chambers_of_fives, uniq_grinder
D:6:      layout_cave_pools, serial_shops, nicolae_shop_bloodbath_and_beyond,
          serial_co_window_serial, co_window_paths_a, co_window_corner_a,
          co_window_corner_a, co_window_paths_b, co_window_paths_a,
          co_window_corner_ca, co_window_corner_cb, co_window_corner_b,
          co_window_unsneaky_path_e, co_window_broadway_c, co_window_4corner_b,
          co_window_4corner_a, glass_columns_a, glass_columns_c,
          glass_columns_a, glass_columns_c

Skill      XL: |  1  2  3  4 |
---------------+-------------+-----
Short Blades   | 1 |  1.2
Long Blades    | 1 |  1.2
Maces & Flails | 1 |  1.2
Polearms       | 1 |  1.2
Staves         | 1 |  1.2
Slings         | 1 |  1.2
Bows           | 1 |  1.2
Crossbows      | 1 |  1.2
Throwing       | 1 |  1.2
Stealth        | 1 |  1.2
Shields        | 1 |  1.2
Unarmed Combat | 1 |  1.2
Spellcasting   | 1 |  1.2
Evocations     | 1 |  1.2
Conjurations   | 1 |  1.0
Hexes          | 1 |  1.0
Summonings     | 1 |  1.0
Necromancy     | 1 |  1.0
Translocations | 1 |  1.0
Transmutations | 1 |  1.0
Fire Magic     | 1 |  1.0
Ice Magic      | 1 |  1.0
Air Magic      | 1 |  1.0
Earth Magic    | 1 |  1.0
Poison Magic   | 1 |  1.0
Fighting       | |  6.6
Axes           | |  4.7
Armour         | |  4.7
Dodging        | |  2.8
Invocations    | |  4.7

Action                   |  1- 3 |  4- 6 || total
-------------------------+-------+-------++-------
Melee: Hand axe          |    83 |    64 ||   147
       Bite              |     2 |     8 ||    10
Invok: Depart the Abyss  |     1 |       ||     1
       Bend Space        |       |     1 ||     1
  Use: Potion            |     1 |     6 ||     7
       Scroll            |       |     3 ||     3
 Stab: Distracted        |       |     1 ||     1
Armor: Chain mail        |    72 |    39 ||   111
Dodge: Dodged            |    28 |    34 ||    62

Table legend: (Time is in decaauts)
 A = Elapsed time spent in this place.
 B = Non-inter-level travel time spent in this place.
 C = Inter-level travel time spent in this place.
 D = Time resting spent in this place.
 E = Time spent auto-exploring this place.
 F = Levels seen in this place.
 G = Mean time per level.
                   A        B        C        D        E       F      G
               +--------+--------+--------+--------+--------+-----+--------+
         Total |   3106 |   2995 |    111 |      0 |   2457 |   8 |  388.2 |
       Dungeon |   3074 |   2963 |    111 |      0 |   2449 |   6 |  512.3 |
         Abyss |     31 |     31 |      0 |      0 |      8 |   2 |   15.5 |
               +--------+--------+--------+--------+--------+-----+--------+

Top non-repeatable levels by time:
     D:1: 1499 daAuts
     D:2: 879 daAuts
     D:3: 608 daAuts
     D:5: 44 daAuts
     D:4: 38 daAuts
 Abyss:2: 16 daAuts
 Abyss:1: 15 daAuts
     D:6: 4 daAuts
